 Dungeon Crawl Stone Soup version 0.29.0-10-g45618ea6d2 (webtiles) character file.

Game seed: 6780342470627866383

57831 SensoryNuts the Fencer (level 14, -5/113 HPs)
             Began as a Demonspawn Fighter on Sept 1, 2022.
             Killed from afar by a fire dragon (17 damage)
             ... with a blast of flame
             ... on level 5 of the Lair of Beasts.
             The game lasted 00:32:10 (26046 turns).

SensoryNuts the Fencer (Demonspawn Fighter)        Turns: 26046, Time: 00:32:10

Health: -5/113     AC: 30    Str: 17    XL:     14   Next: 47%
Magic:  14/14      EV: 24    Int: 10    God:
Gold:   1136       SH:  9    Dex: 17    Spells: 13/13 levels left

rFire   + . .      SeeInvis .   a - +1 long sword (flame)
rCold   x . .      Faith    .   c - +2 buckler
rNeg    . . .      Spirit   .   o - +18 Lear's hauberk
rPois   .          Reflect  .   (helmet currently unavailable)
rElec   .          Harm     .   (no cloak)
rCorr   +          Rampage  .   (gloves currently unavailable)
Will    +....                   (boots currently unavailable)
Stlth   ..........              i - amulet of the acrobat
HPRegen 0.28/turn               h - ring of fire
MPRegen 0.14/turn               (no ring)

@: corroded, acrobatic
A: antennae 2, yellow scales 3, demonic guardian 2, foul stench 2
a: no special abilities


You were on level 5 of the Lair of Beasts.
You visited 3 branches of the dungeon, and saw 17 of its levels.

You collected 1136 gold pieces.

Inventory:

Hand Weapons
 a - a +1 long sword of flaming (weapon)
 n - a +5 long sword of freezing
 w - a +5 demon blade of electrocution
Armour
 c - a +2 buckler (worn)
 o - the +18 Lear's hauberk (worn)
   (You found it on level 2 of the Dungeon)
 y - a +2 pair of gloves
 I - a +2 hat
Jewellery
 h - a ring of fire (left hand)
 i - an amulet of the acrobat (around neck)
 j - a ring of positive energy
 m - a +6 ring of intelligence
 q - an amulet of guardian spirit
Wands
 b - a wand of flame (18) (quivered)
 k - a wand of roots (16)
 A - a wand of polymorph (11)
 B - a wand of paralysis (1)
 C - a wand of digging (5)
Scrolls
 f - 3 scrolls of teleportation
 s - a scroll of poison
 t - 2 scrolls of enchant armour
 v - 3 scrolls of magic mapping
 z - a scroll of identify
 H - 2 scrolls of immolation
Potions
 d - 8 potions of mutation
 e - 4 potions of curing
 g - 2 potions of cancellation
 l - 4 potions of flight
 p - 2 potions of degeneration
 r - 4 potions of magic
 u - 3 potions of attraction
 x - 9 potions of ambrosia
 J - a potion of brilliance


   Skills:
 + Level 11.1 Fighting
 * Level 17.5 Long Blades
 + Level 11.1 Armour
 + Level 5.4 Dodging
 + Level 2.6 Stealth
 + Level 10.2 Shields
 + Level 0.3 Evocations


You had 13 spell levels left.
You didn't know any spells.
Your spell library contained the following spells:

 Spells                   Type           Power      Damage    Failure   Level
 Apportation              Tloc           0%         N/A       99%         1
 Foxfire                  Conj/Fire      0%         2x1d4     99%         1
 Freeze                   Ice            0%         1d3       99%         1
 Necrotise                Necr           0%         1d4       99%         1
 Sting                    Tmut/Pois      0%         1d3       99%         1
 Summon Small Mammal      Summ           0%         N/A       99%         1
 Poisonous Vapours        Pois/Air       0%         N/A       99%         2
 Call Canine Familiar     Summ           0%         N/A       100%        3
 Conjure Flame            Conj/Fire      0%         6-21      100%        3
 Frozen Ramparts          Ice            0%         1d1       100%        3
 Gell's Gravitas          Tloc           0%         N/A       100%        3
 Ignite Poison            Fire/Tmut/Pois 0%         N/A       100%        3
 Inner Flame              Hex/Fire       0%         N/A       100%        3
 Lesser Beckoning         Tloc           0%         N/A       100%        3
 Mephitic Cloud           Conj/Pois/Air  0%         N/A       100%        3
 Portal Projectile        Hex/Tloc       0%         N/A       100%        3
 Summon Guardian Golem    Hex/Summ       0%         N/A       100%        3
 Teleport Other           Tloc           0%         N/A       100%        3
 Corpse Rot               Necr/Pois/Air  0%         N/A       100%        4
 Flame Wave               Conj/Fire      0%         2d4       100%        4
 Fulminant Prism          Conj/Hex       0%         3d6       100%        4
 Hailstorm                Conj/Ice       0%         3d3       100%        4
 Leda's Liquefaction      Hex/Erth       0%         N/A       100%        4
 Olgreb's Toxic Radiance  Pois           0%         N/A       100%        4
 Freezing Cloud           Conj/Ice/Air   0%         6-21      100%        5
 Metabolic Englaciation   Hex/Ice        0%         N/A       100%        5


Dungeon Overview and Level Annotations

Branches:
Dungeon (11/15)            Temple (1/1) D:6            Lair (5/5) D:9
  Swamp (0/4) Lair:3       Spider (0/4) Lair:3          Orc (0/2) D:9
  Slime: Lair:4-5

Altars:
Ashenzari
Cheibriados
Dithmenos
Fedhas
Gozag
Hepliaklqana
Kikubaaqudgha
Makhleb
Nemelex Xobeh
Okawaru
Qazlal
Ru
Sif Muna
Trog
Uskayaw
Vehumet
Wu Jian
Xom
Yredelemnul

Shops:
D:6 *

Annotations:
D:11 2 transporters, Flarelocke's ghost, journeyman MiFi


Innate Abilities, Weirdness & Mutations

You have a pair of antennae on your head.
You are completely covered in yellow scales. (AC +4, rCorr)
A demonic guardian rushes to your aid.
You sometimes emit foul miasma when damaged in melee.


Message History

* * * LOW HITPOINT WARNING * * *
You emit a cloud of foul miasma!
You block the acid dragon's attack.
The fire dragon bites you but does no damage.
The fire dragon claws you but does no damage.
The fire dragon tramples you but does no damage.
You block the komodo dragon's attack.
You completely miss the acid dragon.
The acid dragon is moderately wounded.
The acid dragon is engulfed in dark miasma.
You block the acid dragon's attack. x2; The fire dragon closely misses you.
The fire dragon claws you but does no damage.
You block the fire dragon's attack.
Unknown command.
Okay, then.
As you read the scroll of butterflies, it crumbles to dust.
You hear the tinkle of a tiny bell.
The komodo dragon bites you but does no damage.
The acid dragon is engulfed in dark miasma.
The acid dragon is poisoned.
You block the acid dragon's attack. x2
The fire dragon bites you!
* * * LOW HITPOINT WARNING * * *
The fire dragon claws you but does no damage.
The fire dragon tramples you!
* * * LOW HITPOINT WARNING * * *
You hold your ground!
You swap places.
You enter the shallow water.
Moving in this stuff is going to be slow.
You block the komodo dragon's attack. The fire dragon bites your butterfly!
Your butterfly dies!
Your butterfly disappears in a burst of colours!
The acid dragon is engulfed in dark miasma.
The acid dragon looks even sicker.
The acid dragon bites your butterfly.
Your butterfly dies!
Your butterfly disappears in a burst of colours!
The fire dragon breathes flames at you.
The blast of flame hits your butterfly!!!
Your butterfly dies!
Your butterfly disappears in a burst of colours!
The blast of flame hits you! You resist.
You die...

♣♣♣♣♣♣
♣♣♣DDb.♣♣
♣.b.b~..♣♣
♣♣.§lbb~P≈♣
♣♣♣.@bb♣♣.~..♣
♣♣..P~b♣♣ ≈..♣
♣♣..♣..♣♣ ≈~.
♣...b~♣♣ ~.
♣♣..~≈♣♣ ♣
♣♣.♣.♣†♣
♣....~~♣♣ {
♣....~..♣♣ {
♣♣.♣♣~≈≈..♣♣


You could see a fire dragon (catching breath, ally target), a komodo dragon
(poisoned, ally target) and an acid dragon (very poisoned, ally target).

Vanquished Creatures
  Gastronok (Lair:1)
  A fire dragon (Lair:1)
  10 hydras
  A boulder beetle (Lair:3)
  An anaconda (Lair:3)
  2 two-headed ogres
  2 alligators (Lair:3)
  7 death yaks
  A swamp dragon (Lair:5)
  Pikel (D:6)
  A cyclops (D:11)
  3 manticores (Lair:3)
  12 elephants
  2 gargoyles (D:11)
  8 black mambas
  8 cane toads
  2 unseen horrors
  12 komodo dragons
  4 rime drakes
  6 polar bears
  2 trolls
  A queen bee (D:11)
  8 blink frogs
  A vampire (D:10)
  A wraith (D:10)
  38 yaks
  A spriggan (Lair:4)
  9 wyverns
  9 basilisks
  3 fire bats (Lair:4)
  A fire elemental (Lair:1)
  3 steam dragons
  3 redbacks (Lair:3)
  2 swamp worms
  Menkaure (D:5)
  12 water moccasins
  4 acid dragons
  Duvessa (D:7)
  4 orc warriors
  5 black bears
  An ice beast (D:5)
  2 sky beasts
  A swamp drake (Lair:5)
  22 wolves
  3 ogres
  4 centaurs
  A lemure (D:6)
  A phantom (D:5)
  A kobold brigand (D:6)
  11 bullfrogs
  2 scorpions
  7 wights
  Dowan (D:7)
  30 killer bees (D:11)
  7 howler monkeys
  8 electric eels
  A lava snake (Lair:1)
  4 jellies
  5 hounds
  9 orc priests
  3 gnoll boudas
  Jessica (D:3)
  Ijyb (D:2)
  8 iguanas
  13 orc wizards
  10 hell rats (Lair:3)
  10 gnolls
  6 adders
  2 white imps
  A worm (D:5)
  4 dart slugs
  42 orcs
  3 ball pythons
  9 endoplasms
  3 giant cockroaches
  14 goblins
  3 hobgoblins
  8 jackals
  2 quokkas (D:4)
  6 frilled lizards
  11 kobolds
  4 rats
  A butterfly (Lair:3)
480 creatures vanquished.

Vanquished Creatures (collateral kills)
  A two-headed ogre (D:10)
  2 komodo dragons
  A blink frog (Lair:5)
  5 yaks
  An acid dragon (Lair:5)
  3 wolves
  An iguana (Lair:4)
  An orc (D:6)
15 creatures vanquished.

Vanquished Creatures (others)
  An orc wizard (D:6)
  A hell rat (Lair:3)
  32 fungi
  53 plants
87 creatures vanquished.

Grand Total: 582 creatures vanquished

Notes
Turn   | Place    | Note
-------+----------+-------------------------------------------
     0 | D:1      | SensoryNuts the Demonspawn Fighter began the quest for the
                  | Orb.
     0 | D:1      | Reached XP level 1. HP: 18/18 MP: 1/1
   554 | D:1      | Reached skill level 2 in Long Blades
   563 | D:1      | Gained mutation: You are partially covered in yellow
                  | scales. (AC +2) [demonic ancestry]
   563 | D:1      | Reached XP level 2. HP: 11/24 MP: 2/2
  1396 | D:1      | Found a faded altar of an unknown god.
  1762 | D:2      | Found a shimmering altar of Xom.
  1836 | D:2      | Got Moaprib's Volume of Guile
  1969 | D:2      | Identified the +0 scale mail of the Apothecary {+Inv rC+}
  2075 | D:2      | Found the +18 Lear's hauberk
  2089 | D:2      | Reached XP level 3. HP: 22/29 MP: 3/3
  2170 | D:2      | Identified the +4 trident "Lytuv" {protect, rN+ Will- MP+9
                  | Int+3}
  2379 | D:2      | Noticed Ijyb
  2411 | D:2      | Killed Ijyb
  2412 | D:2      | Reached skill level 3 in Long Blades
  2918 | D:2      | Reached XP level 4. HP: 35/35 MP: 4/4
  3105 | D:3      | Identified the +2 leather armour of the Unbroken {*Slow Fly
                  | rElec rCorr}
  3108 | D:3      | Noticed Jessica
  3110 | D:3      | Killed Jessica
  3116 | D:3      | Found a sparkling altar of Nemelex Xobeh.
  3189 | D:3      | Noticed an ogre
  3195 | D:3      | Killed an ogre
  3196 | D:3      | Reached skill level 4 in Long Blades
  3196 | D:3      | Gained mutation: You may rarely emit foul miasma when
                  | damaged in melee. [demonic ancestry]
  3196 | D:3      | Reached XP level 5. HP: 24/41 MP: 5/5
  3921 | D:4      | Found a broken altar of Ashenzari.
  3948 | D:4      | Noticed a black bear
  3953 | D:4      | Killed a black bear
  3954 | D:4      | Gained mutation: You have a pair of small antennae on your
                  | head. [demonic ancestry]
  3954 | D:4      | Reached XP level 6. HP: 27/47 MP: 6/6
  4277 | D:4      | Reached skill level 5 in Long Blades
  4967 | D:4      | Reached XP level 7. HP: 41/53 MP: 7/7
  5081 | D:4      | Identified a scroll of acquirement
  5081 | D:4      | Acquired a manual of Long Blades
  5084 | D:5      | Entered Level 5 of the Dungeon
  5174 | D:5      | Reached skill level 6 in Long Blades
  5179 | D:5      | Reached skill level 1 in Dodging
  5219 | D:5      | Reached skill level 7 in Long Blades
  5445 | D:5      | Noticed Menkaure
  5456 | D:5      | Killed Menkaure
  5457 | D:5      | Reached skill level 8 in Long Blades
  5457 | D:5      | Gained mutation: A weak demonic guardian rushes to your
                  | aid. [demonic ancestry]
  5457 | D:5      | Reached XP level 8. HP: 49/61 MP: 8/8
  6057 | D:6      | Reached skill level 9 in Long Blades
  6415 | D:6      | Noticed Pikel
  6446 | D:6      | Killed Pikel
  6447 | D:6      | Reached skill level 11 in Long Blades
  6455 | D:6      | Reached XP level 9. HP: 37/67 MP: 9/9
  6686 | D:6      | Found a staircase to the Ecumenical Temple.
  6727 | D:6      | Reached skill level 5 in Fighting
  6739 | D:6      | Found Kuefif's General Store.
  7126 | Temple   | Entered the Ecumenical Temple
  7421 | D:7      | Identified the +4 long sword "Nicaoz" {protect, *Noise
                  | Int+4 Stlth+}
  7513 | D:7      | Reached skill level 12 in Long Blades
  7598 | D:7      | Noticed Dowan
  7599 | D:7      | Noticed Duvessa
  7622 | D:7      | Killed Duvessa
  7671 | D:7      | Killed Dowan
  7743 | D:7      | Noticed a two-headed ogre
  7750 | D:7      | Found a flagged portal.
  7841 | D:6      | Killed a two-headed ogre
  7842 | D:6      | Reached skill level 13 in Long Blades
  8168 | D:7      | Reached skill level 1 in Stealth
  8289 | D:7      | Reached skill level 5 in Armour
  8719 | D:8      | Gained mutation: You have a pair of antennae on your head.
                  | [demonic ancestry]
  8719 | D:8      | Reached XP level 10. HP: 53/75 MP: 10/10
  8833 | D:7      | Reached skill level 14 in Long Blades
  8860 | D:7      | Reached skill level 5 in Shields
  9391 | D:8      | Noticed a two-headed ogre
  9400 | D:8      | Killed a two-headed ogre
 10310 | D:9      | Found a staircase to the Lair.
 10537 | D:9      | Gained mutation: You are mostly covered in yellow scales.
                  | (AC +3) [demonic ancestry]
 10537 | D:9      | Reached XP level 11. HP: 72/83 MP: 11/11
 10799 | D:9      | Found a staircase to the Orcish Mines.
 11637 | D:10     | Entered Level 10 of the Dungeon
 12056 | D:10     | Noticed a two-headed ogre
 12057 | D:10     | Noticed a five-headed hydra
 12074 | D:10     | Killed a one-headed hydra
 12074 | D:10     | Killed a two-headed ogre
 12075 | D:10     | Reached skill level 15 in Long Blades
 12291 | D:10     | Identified the +1 robe "Qecaguc" {Fly rF+++ Regen+ Int-3}
 13785 | D:11     | Identified the +4 falchion "Dozo Talla" {vorpal, rPois rC+
                  | MP-9 Dex+8}
 13792 | D:11     | Found a transporter.
 13793 | D:11     | Found a transporter.
 13793 | D:11     | Noticed Flarelocke's ghost (journeyman MiFi)
 13795 | D:11     | Identified the +8 giant club of the Morning {flame, rN+
                  | Will++ Dex-3 SInv}
 13795 | D:11     | Noticed a two-headed ogre
 13795 | D:11     | Noticed a two-headed ogre
 13796 | D:11     | Noticed a two-headed ogre
 13796 | D:11     | Noticed a two-headed ogre
 13797 | D:11     | Noticed a two-headed ogre
 14091 | Lair:1   | Entered Level 1 of the Lair of Beasts
 14312 | Lair:1   | HP: 2/86 [blink frog (6)]
 14316 | Lair:1   | Gained mutation: A demonic guardian rushes to your aid.
                  | [demonic ancestry]
 14316 | Lair:1   | Reached XP level 12. HP: 40/93 MP: 12/12
 15268 | Lair:1   | Noticed a fire dragon
 15296 | Lair:1   | Killed a fire dragon
 15784 | Lair:1   | Noticed Gastronok
 15814 | Lair:1   | Killed Gastronok
 15815 | Lair:1   | Reached skill level 16 in Long Blades
 16429 | Lair:2   | Noticed a five-headed hydra
 16437 | Lair:2   | Killed a one-headed hydra
 17488 | Lair:2   | Noticed a seven-headed hydra
 17504 | Lair:2   | Killed a one-headed hydra
 17894 | Lair:2   | Acquired a +5 demon blade of electrocution
 18309 | Lair:3   | Noticed a boulder beetle
 18356 | Lair:3   | Gained mutation: You sometimes emit foul miasma when
                  | damaged in melee. [demonic ancestry]
 18356 | Lair:3   | Reached XP level 13. HP: 48/101 MP: 13/13
 20040 | Lair:3   | Reached skill level 10 in Fighting
 20947 | Lair:3   | Reached skill level 10 in Armour
 20959 | Lair:3   | Reached skill level 17 in Long Blades
 21507 | Lair:3   | Found a hole to the Spider Nest.
 21573 | Lair:3   | Found a staircase to the Swamp.
 21583 | Lair:3   | Reached skill level 5 in Dodging
 22219 | Lair:4   | Found a dark tunnel.
 22759 | Lair:4   | Gained mutation: You are completely covered in yellow
                  | scales. (AC +4, rCorr) [demonic ancestry]
 22759 | Lair:4   | Reached XP level 14. HP: 106/111 MP: 14/14
 23538 | Lair:5   | Entered Level 5 of the Lair of Beasts
 24361 | Lair:5   | Reached skill level 10 in Shields
 26046 | Lair:5   | Killed from afar by a fire dragon

Illustrated notes

Levels and vault maps discovered:
D:1:      minmay_arrival_checkered_box, layout_loops_corners,
          shapermc_ecumenical_altar_mp_vishouse
D:2:      kennysheep_the_goblin_king, layout_loops_cross, basic_altar,
          kennysheep_doodads, kennysheep_generic_room_10
D:3:      layout_rooms, nemelex_altar_shiori, feat_on_display, uniq_jessica
D:4:      layout_loops_ring, marbit_many_paths
D:5:      layout_cave_pools, uniq_menkaure
D:6:      layout_loops_ring, lemuel_temple_firewalk_a, serial_shops, shop,
          uniq_pikel
D:7:      layout_cave_pods, enter_bailey_5, uniq_duvessa
D:8:      layout_cave_pools, solitary_fountain
D:9:      layout_loops_ring, erik_lair_island, hiddenorc1_lemuel,
          kennysheep_generic_room_13
D:10:     layout_basic, lightli_fourway_metalbox
D:11:     layout_roguey [special_room_bee], gammafunk_ghost_smash
Temple:   nicolae_temple_bog_church
Lair:1:   dragon1_lemuel, layout_regular_city, hangedman_lair_generics_rect,
          serial_bayou_shore_a, uniq_gastronok
Lair:2:   layout_big_grid, chequers_serial_rivers_micro_c,
          infiniplex_staircase_pool_2
Lair:3:   layout_roguey [special_room_mythical_zoo], palyth_hydra_swamp_entry,
          spider_nest_entry_webs, nicolae_lair_lakeside_cave,
          serial_bayou_shore_b, lemuel_fruit_fields, lemuel_fruit_tree
Lair:4:   layout_roguey, nicolae_volcano_entry_batcave, wad_woods_03
Lair:5:   guppyfry_lair_end_dragon, layout_cave_pods,
          nicolae_slime_entry_slimehenge, lemuel_fruit_fields,
          infiniplex_staircase_pool

Skill      XL: |  1  2  3  4  5  6  7  8  9 10 11 12 13 14 |
---------------+-------------------------------------------+-----
Long Blades    | 2 3 4 5 8 11 13 14 15 16 17 | 17.5
Armour         | 3 4 5 6 7 9 10 11 | 11.1
Shields        | 3 4 6 7 8 9 10 | 10.2
Fighting       | 4 5 6 8 9 10 11 | 11.1
Dodging        | 1 2 3 4 5 |  5.4
Stealth        | 1 2 |  2.6
Evocations     | |  0.3

Action                   |  1- 3 |  4- 6 |  7- 9 | 10-12 | 13-15 || total
-------------------------+-------+-------+-------+-------+-------++-------
Melee: Long sword        |   105 |   166 |   407 |   966 |   918 ||  2562
Evoke: Wand              |       |       |       |       |     4 ||     4
  Use: Scroll            |     9 |     2 |     8 |    13 |     4 ||    36
       Potion            |     1 |       |     1 |     6 |    11 ||    19
 Stab: Distracted        |       |       |     1 |       |     1 ||     2
Armor: Scale mail        |    29 |       |       |       |       ||    29
       Chain mail        |    67 |   115 |   270 |   545 |   618 ||  1615
Dodge: Dodged            |    45 |    56 |   136 |   343 |   415 ||   995
Block: Buckler           |    35 |    48 |   126 |   372 |   409 ||   990
